AoeStats
← 297539664

Black Forest

510058000Analyzed
4v4 RM · 2d ago on Sep 29, 2026· 47m 56s· 8 players
Game mode
Random Map
Map size
Large (8 player)
Population
200
Speed
Normal
Resources
Standard
Victory
Conquest
Starting age
Dark Age
Ending age
Imperial Age
RankedLock teamsTeams togetherTeam positionsShared explorationLock speedFull tech treeHidden civsTurbo modeCheats
Victory
Defeat
🇫🇷 Bohemians · France
1556
+8
🇭🇰 Mongols · Hong Kong SAR China
1533
+8
🇪🇸 Franks · Spain
1265
+18
🇮🇳 Dravidians · India
1212
+20
1384
-15
🇨🇳 Slavs · China
1377
-15
🇹🇼 Mongols · Taiwan
1351
-14
🇯🇵 Portuguese · Japan
1245
-10
TEUTONEN(儒门学习版)
12:14 Feudal Age
16:05 Castle Age
14:11 Double-Bit Axe
14:07 Horse Collar
17:08 Bow Saw
17:07 Heavy Plow
22:13 Wheelbarrow
29:20 Imperial Age
27:51 Gold Mining
27:51 Stone Mining
28:21 Fletching
28:36 Scale Mail Armor
28:46 Forging
29:03 Hand Cart
29:08 Bodkin Arrow
29:40 Ironclad
29:43 Masonry
30:30 Crenellations
31:18 Chemistry
30:53 Bodkin Arrow
31:21 Elite Teutonic Knight
32:17 Siege Engineers
32:34 Ballistics
32:59 Hoardings
32:48 Conscription
38:01 Chain Mail Armor
38:21 Iron Casting
39:51 Plate Mail Armor
41:22 Blast Furnace
41:31 Pikeman
42:12 Squires
42:55 Halberdier
44:15 Elite Skirmisher
46:12 Padded Archer Armor
297539664
11:05 Feudal Age
12:35 Double-Bit Axe
15:00 Castle Age
14:33 Horse Collar
16:14 Bow Saw
22:56 Heavy Plow
23:12 Gold Mining
24:05 Wheelbarrow
25:35 Gold Shaft Mining
29:11 Imperial Age
27:11 Hand Cart
26:38 Pikeman
27:18 Squires
27:21 Scale Mail Armor
27:37 Man-at-Arms
28:35 Chain Mail Armor
28:30 Forging
30:23 Iron Casting
29:09 Long Swordsman
30:01 Druzhina
29:37 Capped Ram
29:46 Halberdier
29:48 Two-Handed Swordsman
32:00 Two-Man Saw
30:41 Siege Ram
31:45 Champion
33:34 Blast Furnace
33:11 Plate Mail Armor
33:35 Detinets
33:55 Conscription
34:15 Elite Boyar
35:02 Scale Barding Armor
37:48 Chain Barding Armor
40:43 Plate Barding Armor
炫瘋貓
0:47 Loom
11:45 Feudal Age
13:07 Wheelbarrow
15:36 Castle Age
13:59 Double-Bit Axe
18:44 Bow Saw
24:36 Horse Collar
24:48 Gold Mining
31:33 Imperial Age
28:49 Town Watch
29:08 Caravan
32:04 Onager
32:46 Onager
37:09 Heavy Scorpion
40:32 Drill
43:28 Siege Engineers
44:31 Chemistry
44:57 Siege Onager
44:58 Capped Ram
168kcal
5:48 Loom
12:37 Feudal Age
13:46 Double-Bit Axe
16:39 Castle Age
15:00 Horse Collar
15:11 Gold Mining
18:22 Wheelbarrow
24:58 Imperial Age
22:40 Stone Mining
23:26 Bow Saw
23:54 Heavy Plow
28:03 Chemistry
29:00 Two-Man Saw
29:33 Conscription
29:22 Circumnavigation
29:43 Padded Archer Armor
31:01 Leather Archer Armor
32:28 Fletching
33:08 Ring Archer Armor
32:32 Guard Tower
32:24 Treadmill Crane
33:09 Ballistics
33:05 Bodkin Arrow
33:29 Scale Mail Armor
34:47 Hand Cart
34:17 Town Watch
35:05 Crop Rotation
36:48 Thumb Ring
36:52 Pikeman
37:57 Chain Mail Armor
37:53 Forging
39:01 Bracer
39:33 Plate Mail Armor
38:35 Halberdier
40:53 Bombard Tower
40:30 Murder Holes
40:17 Treadmill Crane
41:53 Fortified Wall
42:44 Iron Casting
42:23 Masonry
43:25 Siege Engineers
44:39 Blast Furnace
你朋友
10:08 Feudal Age
14:54 Castle Age
12:55 Double-Bit Axe
14:32 Horse Collar
17:17 Bow Saw
17:43 Gold Mining
23:19 Loom
24:52 Wheelbarrow
29:02 Imperial Age
26:42 Town Watch
27:13 Fletching
27:23 Padded Archer Armor
27:50 Bodkin Arrow
28:02 Heavy Plow
28:19 Bloodlines
28:42 Thumb Ring
29:30 Leather Archer Armor
29:08 Capped Ram
29:50 Bracer
30:12 Ballistics
31:41 Chemistry
31:28 Drill
33:49 Husbandry
35:20 Hoardings
35:18 Hand Cart
36:47 Siege Engineers
36:53 Masonry
37:45 Elite Mangudai
38:35 Town Patrol
40:11 Caravan
40:41 Coinage
42:01 Forging
41:56 Scale Barding Armor
41:59 Siege Ram
44:00 Conscription
45:04 Iron Casting
44:49 Chain Barding Armor
44:36 Nomads
44:58 Onager
46:23 Siege Onager
Shini_gami
0:30 Loom
11:54 Feudal Age
14:51 Town Watch
17:44 Castle Age
16:30 Double-Bit Axe
17:10 Horse Collar
17:23 Stone Mining
19:32 Bow Saw
24:04 Gold Mining
26:08 Caravan
28:10 Wheelbarrow
27:36 Town Patrol
28:56 Fletching
29:06 Padded Archer Armor
29:28 Heavy Plow
34:22 Imperial Age
32:08 Hand Cart
31:56 Bodkin Arrow
32:17 Leather Archer Armor
32:07 Scale Barding Armor
32:13 Forging
32:26 Ballistics
32:16 Fortified Wall
31:59 Heated Shot
32:57 Medical Corps
33:34 Squires
33:19 Arson
33:46 Scale Mail Armor
35:45 Iron Casting
38:24 Elite Elephant Archer
39:10 Thumb Ring
40:35 Chemistry
40:25 Bracer
40:56 Ring Archer Armor
42:29 Elite Skirmisher
CARANZA
4:11 Loom
11:42 Feudal Age
12:15 Double-Bit Axe
16:22 Castle Age
19:06 Wheelbarrow
21:35 Bow Saw
23:20 Caravan
25:27 Gold Mining
27:13 Gold Shaft Mining
30:32 Imperial Age
28:14 Forging
28:11 Scale Barding Armor
31:21 Iron Casting
31:07 Chain Barding Armor
30:38 Cavalier
31:18 Husbandry
31:25 Husbandry
32:03 Hand Cart
34:15 Blast Furnace
33:56 Plate Barding Armor
34:01 Paladin
35:05 Conscription
44:58 Onager
46:48 Chemistry
retaux
10:21 Feudal Age
14:11 Castle Age
12:10 Double-Bit Axe
12:47 Horse Collar
15:13 Bow Saw
15:04 Heavy Plow
17:09 Fervor
22:43 Wheelbarrow
23:58 Hand Cart
27:20 Imperial Age
24:37 Town Watch
24:38 Loom
26:23 Chemistry
27:38 Scale Mail Armor
27:48 Forging
27:39 Squires
26:59 Pikeman
27:25 Arson
27:45 Caravan
28:50 Siege Engineers
28:19 Halberdier
30:21 Two-Man Saw
30:05 Chain Mail Armor
30:25 Iron Casting
32:18 Conscription
32:04 Wagenburg Tactics
32:31 Plate Mail Armor
33:01 Blast Furnace
32:24 Ballistics
32:15 Masonry
32:45 Town Patrol
33:24 Fletching
33:33 Murder Holes
33:59 Houfnice
37:43 Bodkin Arrow
41:43 Bracer
45:57 Houfnice
Connection lost

Rejoining the realm…

Still unreachable

The connection could not be restored.

Session expired

The server has moved on; the page needs a fresh start.